 Dungeon Crawl Stone Soup version 0.28.0-53-g5a82cb258f (webtiles) character file.

Game seed: 16538023353657170539

220 Jackthecabe the Sneak (level 5, 0/28 HPs)
             Began as a Vine Stalker Brigand on June 28, 2022.
             Succumbed to a scorpion's poison
             ... on level 4 of the Dungeon.
             The game lasted 00:03:05 (2642 turns).

Jackthecabe the Sneak (Vine Stalker Brigand)        Turns: 2642, Time: 00:03:06

Health: 0/28       AC:  5    Str: 13    XL:     5   Next: 97%
Magic:  1/6        EV: 11    Int: 11    God:
Gold:   157        SH:  0    Dex: 18    Spells: 4/4 levels left

rFire   . . .      SeeInvis .   a - +2 dagger
rCold   . . .      Faith    .   (no shield)
rNeg    . . .      Spirit   +   b - +0 robe
rPois   .          Reflect  .   (no helmet)
rElec   .          Harm     .   l - +1 cloak
rCorr   .          Rampage  .   i - +0 pair of gloves
Will    .....                   (no boots)
Stlth   +++.......              (no amulet)
HPRegen 0.89/turn               (no ring)
MPRegen 0.10/turn               (no ring)

@: brilliant, lethally poisoned (0 -> -3)
A: fangs 2, regeneration 1, magic shield, antimagic bite, no potion heal 2
a: no special abilities


You were on level 4 of the Dungeon.
You visited 1 branch of the dungeon, and saw 4 of its levels.

You collected 157 gold pieces.


Innate Abilities, Weirdness & Mutations

You have extremely sharp teeth.
Your natural rate of healing is unusually fast.
When hurt, damage is shared between your health and your magic reserves.
Your bite disrupts and absorbs the magic of your enemies.
Potions cannot restore your health.


   Skills:
 + Level 3.1 Fighting
 * Level 4.0 Short Blades
 - Level 1.7 Throwing
 - Level 0.7 Dodging
 + Level 6.0 Stealth


You had 4 spell levels left.
You didn't know any spells.
Your spell library contained the following spells:

 Spells                   Type           Power      Damage    Failure   Level
 Corpse Rot               Necr/Air       0%         N/A       47%         2
 Poisonous Vapours        Pois/Air       0%         N/A       47%         2

Inventory:

Hand Weapons
 a - a +2 dagger (weapon)
Missiles
 d - 23 poisoned darts (quivered)
 e - 2 curare-tipped darts {=f}
Armour
 b - a +0 robe (worn)
 c - a +0 cloak
 i - a +0 pair of gloves (worn)
 l - a +1 cloak (worn)
Wands
 o - a wand of flame (20)
 v - a wand of digging (5)
Scrolls
 g - 4 scrolls of identify {unknown}
 h - a scroll of silence {unknown}
 t - a scroll of vulnerability {unknown}
 u - a scroll of teleportation {unknown}
Potions
 f - 2 potions of curing {unknown}
 j - a potion of ambrosia {unknown}
 k - a potion of haste {unknown}
 m - a potion of brilliance
 n - a potion of attraction {unknown}
 q - a potion of flight {unknown}
 r - a potion of cancellation {unknown}

Dungeon Overview and Level Annotations

Branches:
Dungeon (4/15)
 Temple: D:4-7

Altars:
Cheibriados
Qazlal

####### #..... #[#
#######...# #.#
#..........# ##.#
#........)).# .#.#
#..######)###
...#####..#....>{#
..........#.####o#
..#####...#.# #s#
#[#
###...#.####@#######
#.#
#................(.#
#.#
#......<.###.#######
#.#
#.†...)..........#
#.#
##........##.###.###
.....>...>.....#
#.#.#
####..>.....####
#...# #........#
###.# #.....#.## ###


You could see a scorpion and an orc.


Message History

You bite the scorpion, but do no damage.
The scorpion is moderately wounded.
You feel sick. The scorpion stings you!
* * * LOW HITPOINT WARNING * * *
You hit the scorpion but do no damage.
The scorpion is moderately wounded.
You feel sick. The scorpion stings you!
* * * LOW HITPOINT WARNING * * *
Unknown command.
Okay, then.
As you read the scroll labelled OMOENOFUDUW, it crumbles to dust.
You feel a surge of unholy energy.
The scorpion convulses!
The orc wizard convulses!
The orc convulses!
It was a scroll of torment.
You feel sick. The scorpion barely misses you.
The orc wizard mumbles some strange words.
The orc wizard flickers and vanishes!
Deactivating autopickup; reactivate with Ctrl-A.
You feel sick.
You are no longer poisoned.
The scorpion stings you.
* * * LOW HITPOINT WARNING * * *
As you read the scroll labelled IBLICU GISOTOWK, it crumbles to dust.
You speak a Word of immense power!
It was a scroll of holy word.
The scorpion stings you.
* * * LOW HITPOINT WARNING * * *
You are lethally poisoned!
The scorpion poisons you!
It was a potion of brilliance.
You feel clever all of a sudden.
You die...

Skill      XL: |  1  2  3  4  5 |
---------------+----------------+-----
Short Blades   | 2 3 4 |  4.0
Fighting       | 2 3 |  3.1
Stealth        | 5 6 |  6.0
Throwing       | |  1.7
Dodging        | |  0.7

Action                   |  1- 3 |  4- 6 || total
-------------------------+-------+-------++-------
Melee: Dagger            |    95 |    38 ||   133
       Bite              |    21 |    11 ||    32
       Punch             |     1 |       ||     1
  Use: Scroll            |       |     2 ||     2
       Potion            |       |     1 ||     1
 Stab: Sleeping          |     9 |     8 ||    17
Armor: Robe              |    16 |     6 ||    22
Dodge: Dodged            |    33 |    13 ||    46

Levels and vault maps discovered:
D:1:      erik_arrival_orb_chamber, layout_loops_cross,
          shapermc_ecumenical_altar_totnotflames
D:2:      layout_loops_ring, minmay_pentomino_o4
D:3:      layout_loops_ring
D:4:      layout_loops_ring, minitemple, chequers_avenue

Notes
Turn   | Place    | Note
-------+----------+-------------------------------------------
     0 | D:1      | Jackthecabe the Vine Stalker Brigand began the quest for
                  | the Orb.
     0 | D:1      | Reached XP level 1. HP: 11/11 MP: 2/2
    29 | D:1      | Reached skill level 2 in Short Blades
    86 | D:1      | Found a faded altar of an unknown god.
   155 | D:1      | Reached skill level 2 in Fighting
   155 | D:1      | Reached XP level 2. HP: 9/15 MP: 1/3
   328 | D:1      | Reached skill level 5 in Stealth
   906 | D:2      | Reached XP level 3. HP: 18/18 MP: 4/4
  1659 | D:2      | Reached skill level 3 in Short Blades
  1899 | D:3      | Gained mutation: Your natural rate of healing is unusually
                  | fast. [Vine Stalker growth]
  1899 | D:3      | Reached XP level 4. HP: 17/23 MP: 3/5
  2123 | D:3      | Noticed a scorpion
  2131 | D:3      | Killed a scorpion
  2132 | D:3      | Reached XP level 5. HP: 27/27 MP: 6/6
  2515 | D:4      | Noticed an ogre
  2520 | D:4      | Killed an ogre
  2521 | D:4      | Reached skill level 3 in Fighting
  2521 | D:4      | Reached skill level 4 in Short Blades
  2521 | D:4      | Reached skill level 6 in Stealth
  2527 | D:4      | Found a snail-covered altar of Cheibriados.
  2534 | D:4      | Found a stormy altar of Qazlal.
  2639 | D:4      | HP: 2/28 [poisoned by a scorpion]
  2642 | D:4      | Succumbed to a scorpion's poison

Vanquished Creatures
  An ogre (D:4)
  A scorpion (D:3)
  An adder (D:2)
  A worm (D:2)
  3 orcs (D:4)
  5 ball pythons
  4 bats
  7 endoplasms
  2 giant cockroaches
  7 goblins
  5 hobgoblins
  8 kobolds
  2 quokkas
  8 frilled lizards
  6 rats
61 creatures vanquished.

Table legend: (Time is in decaauts)
 A = Elapsed time spent in this place.
 B = Non-inter-level travel time spent in this place.
 C = Inter-level travel time spent in this place.
 D = Time resting spent in this place.
 E = Time spent auto-exploring this place.
 F = Levels seen in this place.
 G = Mean time per level.
                   A        B        C        D        E       F      G
               +--------+--------+--------+--------+--------+-----+--------+
         Total |   2622 |   2561 |     61 |     71 |   2032 |   4 |  655.5 |
       Dungeon |   2622 |   2561 |     61 |     71 |   2032 |   4 |  655.5 |
               +--------+--------+--------+--------+--------+-----+--------+

Top non-repeatable levels by time:
     D:2: 916 daAuts
     D:1: 886 daAuts
     D:3: 649 daAuts
     D:4: 169 daAuts

Table legend:
 A = Non-vault XP
 B = Vault XP
 C = Vault XP percentage of total XP
 D = Non-vault monster count
 E = Vault monster count
 F = Vault count percentage of total count
                 A         B        C        D         E       F
            +---------+---------+-------+---------+---------+-------
      Total |     309 |       6 |   1.9 |      57 |       4 |   6.6
            +---------+---------+-------+---------+---------+-------
        D:1 |      32 |       0 |   0.0 |      20 |       0 |   0.0
        D:2 |      43 |       6 |  12.2 |      18 |       4 |  18.2
        D:3 |      94 |       0 |   0.0 |       9 |       0 |   0.0
        D:4 |     140 |       0 |   0.0 |      10 |       0 |   0.0
            +---------+---------+-------+---------+---------+-------
